cohdb
Replays
Latest Replays
All Replays
Popular Replays
Top Player Replays
Match Explorer
How It Works
Community
CoH3 Stats
Reddit
Sign in to upload your games and track your stats! →
Sign in with Steam
I dont remember anything
Match 14685270
Overview
Messages
Build Orders
End
Kettenkrad Recon Vehicle
Construct Infanterie Kompanie
Grenadier Squad
MG 42 Machine Gun Team
MG 42 Machine Gun Team
Grenadier Squad
Construct Luftwaffe Kompanie
Selects Mechanized Battlegroup
Selects Raid Package
221 Scout Car
Jäger Squad
Selects 8 Rad Armored Car
8 Rad Armored Car
8 Rad Armored Car
Medical Station
8 Rad Armored Car
Support Elements
Selects Fuel Seizure
Selects Mechanized Assault
Wirbelwind Flakpanzer
Wirbelwind Flakpanzer
Mechanized Assault
Wirbelwind Flakpanzer
Jäger Squad
Mechanized Assault
Pioneer Squad
Selects Panther Heavy Tank
Panther Heavy Tank
Mechanized Assault
Pioneer Squad
Mechanized Assault
8 Rad Armored Car
8 Rad Armored Car
AI Takeover
AssPlayer4576
.:PSG:. RedxWings
0
0
Comments
sign in to comment!
No comments posted yet!